AoeStats
← Virchow

Arabia

508884592Analyzed
1v1 RM · 9d ago on Sep 24, 2026· 39m 16s· 2 players
Game mode
Random Map
Map size
Tiny (2 player)
Population
200
Speed
Normal
Resources
Standard
Victory
Conquest
Starting age
Dark Age
Ending age
Imperial Age
RankedLock teamsTeams togetherTeam positionsShared explorationLock speedFull tech treeHidden civsTurbo modeCheats
Victory
Defeat
🇹🇼 Tatars · Taiwan
1289
+16
🇵🇱 Byzantines · Poland
1280
-16
Bipedal_Man
6:11 Loom
9:15 Feudal Age
10:34 Double-Bit Axe
13:15 Fletching
20:15 Castle Age
19:35 Horse Collar
20:47 Wheelbarrow
20:39 Padded Archer Armor
20:44 Gold Mining
20:38 Crossbowman
26:01 Bodkin Arrow
25:32 Elite Skirmisher
26:21 Elite Skirmisher
35:30 Scale Barding Armor
35:35 Forging
38:22 Husbandry
Virchow
7:36 Loom
9:56 Feudal Age
11:49 Double-Bit Axe
12:16 Horse Collar
17:02 Fletching
19:12 Padded Archer Armor
20:37 Wheelbarrow
24:03 Castle Age
24:41 Bodkin Arrow
24:07 Elite Skirmisher
24:16 Crossbowman
26:29 Leather Archer Armor
26:52 Bow Saw
26:43 Heavy Plow
27:11 Gold Mining
33:07 Scale Barding Armor
34:11 Chain Barding Armor
34:54 Forging
34:56 Bloodlines
39:10 Imperial Age
38:06 Ballistics
38:47 Hand Cart
38:21 Town Watch
38:34 Stone Mining
39:23 Gold Shaft Mining
Connection lost

Rejoining the realm…

Still unreachable

The connection could not be restored.

Session expired

The server has moved on; the page needs a fresh start.